 Dungeon Crawl Stone Soup version 0.26-a0-712-ga5a9c9c9d0 (webtiles) character file.

Game seed: 16497005814111232239

3975 kae the Martial Artist (level 10, 0/90 HPs)
             Began as a Demonspawn Transmuter on Nov 10, 2020.
             Was an Initiate of Hepliaklqana.
             Succumbed to a killer bee's poison
             ... on level 8 of the Dungeon.
             The game lasted 00:08:01 (12114 turns).

kae the Martial Artist (Demonspawn Transmuter)     Turns: 12114, Time: 00:08:01

Health: 0/90       AC: 25    Str: 14    XL:     10   Next: 2%
Magic:  6/14       EV:  2    Int: 14    God:    Hepliaklqana [......]
Gold:   906        SH:  0    Dex: 14    Spells: 2/15 levels left

rFire    . . .     SeeInvis .     - Unarmed
rCold    . . .     Faith    .   (no shield)
rNeg     + + +     Spirit   +   (armour currently unavailable)
rPois    +         Reflect  .   (helmet currently unavailable)
rElec    .         Harm     .   (cloak currently unavailable)
rCorr    .         Rampage  .   (gloves currently unavailable)
MR       .....     NoTele   +   (boots currently unavailable)
Stlth    +.........             (no amulet)
HPRegen  0.25/turn              (no ring)
MPRegen  0.28/turn              (no ring)

@: lethally poisoned (0 -> -21), tree-form, lightly drained
A: reduced essence, demonic guardian 1, magic shield, magic regeneration
a: Recall Ancestor, Ancestor Identity, Renounce Religion


You were on level 8 of the Dungeon.
You worshipped Hepliaklqana.
Hepliaklqana was noncommittal.
You were a tree.
You visited 2 branches of the dungeon, and saw 9 of its levels.

You collected 906 gold pieces.

Inventory:

Armour
 a - a +0 robe (melded)
 e - a +0 pair of gloves (melded)
 m - a +2 pair of boots (melded)
Jewellery
 j - an uncursed ring of positive energy {unknown}
 p - an uncursed ring of positive energy {unknown}
 t - an uncursed amulet of the acrobat
 v - a +6 ring of strength {unknown}
Wands
 r - a wand of polymorph (14)
 s - a wand of iceblast (7)
 x - a wand of digging (6)
Scrolls
 b - 2 scrolls of remove curse
 c - 4 scrolls of teleportation
 g - 3 scrolls of fear
 i - a scroll of magic mapping
 o - a scroll of amnesia
 u - 3 scrolls of enchant weapon
 w - a scroll of identify
Potions
 f - 4 potions of haste
 h - 2 potions of invisibility
 k - 2 potions of heal wounds {unknown}
 l - 2 potions of lignification
 n - 3 potions of curing {unknown}
 q - 2 potions of flight {unknown}


   Skills:
 - Level 2.0(1.8) Fighting
 - Level 2.0(1.8) Dodging
 * Level 9.3(9.2) Unarmed Combat
 - Level 3.0(2.8) Spellcasting
 * Level 9.1(9.0) Transmutations
 + Level 2.6(2.5) Ice Magic


You had 2 spell levels left.
You knew the following spells:

 Your Spells              Type           Power        Failure   Level
a - Beastly Appendage     Tmut           ####..       1%          1
b - Spider Form           Tmut/Pois      ##........   11%         3
c - Blade Hands           Tmut           ####......   14%         5
d - Ice Form              Ice/Tmut       ###.....     21%         4

Your spell library contained the following spells:

 Spells                   Type           Power        Failure   Level
 Wereblood                Tmut           ####....     1%          2
 Animate Skeleton         Necr           #.....       22%         1
 Pain                     Necr           #...         22%         1
 Vampiric Draining        Necr           #.........   54%         3
 Animate Dead             Necr           #.........   91%         4
 Agony                    Necr           #.......     99%         5


Dungeon Overview and Level Annotations

Branches:
Dungeon (8/15)             Temple (1/1) D:6
   Lair: D:8-11

Altars:
Ashenzari
Cheibriados
Dithmenos
Elyvilon
Fedhas
Gozag
Hepliaklqana
Kikubaaqudgha
Makhleb
Nemelex Xobeh
Okawaru
Qazlal
Ru
Sif Muna
Trog
Uskayaw
Vehumet
Wu Jian
Xom
Zin

Shops:
D:4 (

Annotations:
D:4 3 runed translucent doors, p0werm0de's ghost, amateur MiFi
D:8 exclusion: two-headed ogre


Innate Abilities, Weirdness & Mutations

((You have large cloven feet.))
((You are partially covered in icy blue scales. (AC +2)))
A weak demonic guardian rushes to your aid.
When hurt, damage is shared between your health and your magic reserves.
You regenerate magic rapidly.
Your life essence is reduced to manifest your ancestor. (-10% HP)


Message History

You swap places.
* * * LOW HITPOINT WARNING * * *
You feel sick.
Your quasit completely misses the orc.
Your quasit claws the orc but does no damage. x2
The orc hits you with a +0 war axe!
* * * LOW HITPOINT WARNING * * *
The orc misses your quasit.
The orc hits your quasit with a +0 war axe.
Your quasit bites the orc but does no damage.
Your quasit claws the orc.
Your quasit claws the orc but does no damage.
Your quasit bites the orc but does no damage.
Your quasit claws the orc but does no damage. x2
Things that are here:
a killer bee corpse; a killer bee corpse It was a potion of lignification.
You turn into a tree.
Your +0 pair of gloves melds into your body.
Your +2 pair of boots melds into your body.
Your +0 robe melds into your body.
Your roots penetrate the ground.
You die...

#........
#.......
#.......
#...... ......
#...######
#...'....#
#(o♣# #.#
#.55# ..
###R#.####+
######).....!.
#....)##.###..
#........#
#....)####
#.....#
#.....#


You could see the friendly Ealdgyð the ancestor, an orc and 2 friendly quasits.

Vanquished Creatures
  A two-headed ogre (D:8)
  Menkaure (D:4)
  Edmund (D:4)
  2 sky beasts
  3 orc warriors
  A phantom (D:6)
  2 ogres
  2 centaurs
  3 bullfrogs
  A big kobold (D:7)
  A wyvern zombie (D:6)
  A water moccasin zombie (D:5)
  3 scorpions (D:4)
  3 killer bees (D:8)
  5 wights
  A bullfrog zombie (D:6)
  2 quasits (D:7)
  A hound (D:8)
  A gnoll shaman (D:4)
  4 jellies
  3 orc priests
  10 orc wizards
  A centaur skeleton (D:6)
  2 iguanas
  A worker ant (D:4)
  Robin (D:3)
  9 gnolls
  16 adders
  2 shadow imps
  2 white imps
  An adder zombie (D:7)
  4 adder skeletons
  4 worms
  3 leopard geckos
  24 orcs
  5 giant cockroaches
  14 goblins
  6 hobgoblins
  4 jackals
  7 quokkas
  5 bats (D:1)
  4 frilled lizards
  A jackal skeleton (D:4)
  9 kobolds
  A quokka skeleton (D:4)
  7 rats
185 creatures vanquished.

Vanquished Creatures (collateral kills)
  An orc warrior (D:7)
  A phantom (D:7)
  A bullfrog (D:6)
  A killer bee (D:8)
  A howler monkey (D:6)
  A jelly (D:7)
  An orc wizard (D:7)
  A gnoll (D:6)
  An adder (D:4)
  5 orcs
  2 giant cockroaches
  A goblin (D:7)
  A jackal (D:7)
  A quokka (D:4)
  2 kobolds
  A quokka skeleton (D:4)
22 creatures vanquished.

Vanquished Creatures (others)
  An ancestor (D:8)
1 creature vanquished.

Grand Total: 208 creatures vanquished

Notes
Turn   | Place    | Note
-------+----------+-------------------------------------------
     0 | D:1      | kae the Demonspawn Transmuter began the quest for the Orb.
     0 | D:1      | Reached XP level 1. HP: 15/15 MP: 3/3
   275 | D:1      | Gained mutation: When hurt, damage is shared between your
                  | health and your magic reserves. [demonic ancestry]
   275 | D:1      | Reached XP level 2. HP: 16/21 MP: 3/5
  1396 | D:2      | Gained mutation: A weak demonic guardian rushes to your
                  | aid. [demonic ancestry]
  1396 | D:2      | Reached XP level 3. HP: 26/26 MP: 6/6
  1950 | D:2      | Found a burning altar of Makhleb.
  2266 | D:2      | Learned a level 3 spell: Spider Form
  2467 | D:3      | Gained mutation: You are partially covered in icy blue
                  | scales. (AC +2) [demonic ancestry]
  2467 | D:3      | Reached XP level 4. HP: 11/33 MP: 3/8
  3910 | D:3      | Gained mutation: You regenerate magic rapidly. [demonic
                  | ancestry]
  3910 | D:3      | Reached XP level 5. HP: 33/38 MP: 5/9
  4405 | D:3      | Found a snail-covered altar of Cheibriados.
  4461 | D:3      | Found a broken altar of Ashenzari.
  4470 | D:3      | Found a radiant altar of Vehumet.
  4637 | D:4      | Found Fene's Antique Weapon Emporium.
  4637 | D:4      | Noticed Robin
  4650 | D:3      | Killed Robin
  4981 | D:4      | Gained mutation: You have large cloven feet. [demonic
                  | ancestry]
  4981 | D:4      | Reached XP level 6. HP: 40/44 MP: 7/10
  4984 | D:4      | Noticed Menkaure
  5001 | D:4      | Killed Menkaure
  5001 | D:4      | Reached skill level 5 in Unarmed Combat
  5267 | D:4      | Reached XP level 7. HP: 50/50 MP: 8/11
  5478 | D:4      | Reached skill level 5 in Transmutations
  5616 | D:4      | Found a runed translucent gate.
  5617 | D:4      | Found a runed translucent gate.
  5780 | D:4      | Noticed Edmund
  5794 | D:4      | Killed Edmund
  5887 | D:4      | Found a runed translucent gate.
  6168 | D:4      | Noticed p0werm0de's ghost (amateur MiFi)
  6206 | D:5      | Entered Level 5 of the Dungeon
  6804 | D:5      | Reached XP level 8. HP: 44/56 MP: 7/12
  6943 | D:5      | Found a blossoming altar of Fedhas.
  7121 | D:5      | Found a sparkling altar of Nemelex Xobeh.
  7121 | D:5      | Found an ancient bone altar of Kikubaaqudgha.
  7122 | D:5      | Found an iron altar of Okawaru.
  7930 | D:6      | Found a staircase to the Ecumenical Temple.
  9111 | D:6      | Reached XP level 9. HP: 29/61 MP: 5/13
  9596 | Temple   | Entered the Ecumenical Temple
  9652 | Temple   | Became a worshipper of Hepliaklqana the Forgotten
 10316 | D:7      | Identified a scroll of acquirement
 10316 | D:7      | Acquired 500 gold pieces
 10324 | D:7      | Learned a level 5 spell: Blade Hands
 10329 | D:7      | Learned a level 4 spell: Ice Form
 10971 | D:7      | Reached skill level 1 in Ice Magic
 11209 | D:7      | Found a sacrificial altar of Ru.
 11890 | D:8      | Noticed a two-headed ogre
 11931 | D:8      | Killed a two-headed ogre
 12104 | D:8      | Reached XP level 10. HP: 28/60 MP: 7/14
 12107 | D:8      | HP: 2/60 [killer bee (4)]
 12113 | D:8      | HP: 2/60 [poisoned by a killer bee]
 12114 | D:8      | Succumbed to a killer bee's poison

Illustrated notes

Levels and vault maps discovered:
D:1:      minmay_arrival_four_loops, layout_basic
D:2:      layout_rooms, bloody_makhleb
D:3:      layout_basic, lemuel_coloured_pillars_altar,
          amethyst_overflow_temple_binary, minmay_puff
D:4:      layout_rooms, chequers_ossuary_entry_cave, gammafunk_ghost_icy,
          serial_shops, nicolae_shop_waterfront, kennysheep_potato, uniq_edmund,
          uniq_menkaure, uniq_robin
D:5:      layout_basic, gammafunk_temple_overflow_claw, fedhas_altar_fruit_tree
D:6:      layout_cave_pods, temple_pool_b
D:7:      layout_cave_pods, nicolae_ru_great_annihilating_truth, serial_glass,
          glass_columns_a, glass_columns_c, minmay_fractal_squares_gapless_5
D:8:      layout_basic, nicolae_tso_carved_into_rock,
          yredelemnul_forgotten_temple_becter
Temple:   minmay_temple_bridge_abc

Skill      XL: |  1  2  3  4  5  6  7  8  9 |
---------------+----------------------------+-----
Transmutations | 2 3 4 5 7 9 |  9.1
Unarmed Combat | 3 4 5 6 7 9 |  9.3
Dodging        | 2 |  2.0
Fighting       | 2 |  2.0
Spellcasting   | 3 |  3.0
Ice Magic      | 2 |  2.6

Action                   |  1- 3 |  4- 6 |  7- 9 | 10-12 || total
-------------------------+-------+-------+-------+-------++-------
Melee: Unarmed           |   129 |   152 |   385 |     5 ||   671
       Kick              |    10 |    19 |       |       ||    29
       Headbutt          |     6 |    13 |       |       ||    19
       Punch             |     1 |     1 |     4 |       ||     6
 Cast: Beastly Appendage |    16 |    16 |     1 |       ||    33
       Spider Form       |     1 |     6 |    46 |       ||    53
       Blade Hands       |       |       |     2 |       ||     2
  Use: Scroll            |       |    10 |     3 |       ||    13
       Potion            |       |     2 |       |     2 ||     4
 Stab: Distracted        |       |       |     2 |       ||     2
       Sleeping          |       |       |     1 |       ||     1
Armor: Robe              |    28 |    26 |    18 |     1 ||    73
       Skin              |       |     7 |    12 |       ||    19
Dodge: Dodged            |   104 |   140 |   350 |    13 ||   607

Table legend: (Time is in decaauts)
 A = Elapsed time spent in this place.
 B = Non-inter-level travel time spent in this place.
 C = Inter-level travel time spent in this place.
 D = Time resting spent in this place.
 E = Time spent auto-exploring this place.
 F = Levels seen in this place.
 G = Mean time per level.
                   A        B        C        D        E       F      G
               +--------+--------+--------+--------+--------+-----+--------+
         Total |  12032 |  11765 |    267 |   2114 |   8009 |   9 | 1336.9 |
       Dungeon |  11953 |  11707 |    246 |   2114 |   7963 |   8 | 1494.1 |
        Temple |     78 |     57 |     21 |      0 |     46 |   1 |   78.0 |
               +--------+--------+--------+--------+--------+-----+--------+

Top non-repeatable levels by time:
     D:3: 2237 daAuts
     D:5: 1954 daAuts
     D:6: 1686 daAuts
     D:7: 1578 daAuts
     D:4: 1486 daAuts
     D:2: 1332 daAuts
     D:1: 1109 daAuts
     D:8: 568 daAuts
  Temple: 78 daAuts
